 Dungeon Crawl Stone Soup version 0.32-a0-913-g739538afd8 (webtiles) character file.

Game seed: 1736019628689322952

337 SpatialVortex the Sneak (level 6, -5/44 HPs)
             Began as a Coglin Brigand on Apr 7, 2024.
             Killed from afar by Grinder (9 damage)
             ... with a puff of flame
             ... while paralysed by Grinder
             ... on level 4 of the Dungeon.
             The game lasted 00:03:19 (2937 turns).

SpatialVortex the Sneak (Coglin Brigand)            Turns: 2937, Time: 00:03:20

Health: -5/44      AC:  3    Str: 11    XL:     6   Next: 54%
Magic:  6/6        EV:  2    Int: 11    God:
Gold:   166        SH:  0    Dex: 17    Spells: 3/5 levels left

rFire   . . .        a - +2 dagger {Armando}
rCold   . . .        j - +2 short sword (venom) {Juwon}
rNeg    . . .        b - +0 robe
rPois   .            (no helmet)
rElec   .            c - +0 cloak
rCorr   .            (no gloves)
SInv    .            (no boots)
Will    .....        (amulet unavailable)
Stlth   +++          (ring unavailable)
HPRegen 0.27/turn    (ring unavailable)
MPRegen 0.10/turn    (no gizmo)

%: no passive effects
@: paralysed, revving
A: off-hand wielding, slow wielding, warmup strikes, no jewellery
a: Invent Gizmo


You were on level 4 of the Dungeon.
You visited 1 branch of the dungeon, and saw 4 of its levels.

You collected 166 gold pieces.

Inventory:

Hand Weapons
 a - a +2 dagger (weapon) {Armando}
 f - a +0 dagger {Sanghe}
 j - a +2 short sword of venom (offhand) {Juwon}
 n - the +8 flail of Poxiprucea {holy, rC+ Str+5}
   (You found it on level 2 of the Dungeon)

   Str+5:     It affects your strength (+5).
   rC+:       It protects you from cold.
Missiles
 d - 9 poisoned darts (quivered)
 e - 3 curare-tipped darts {=f}
Armour
 b - a +0 robe (worn)
 c - a +0 cloak (worn)
Wands
 p - a wand of flame (11)
Scrolls
 g - 7 scrolls of identify {unknown}
 i - a scroll of revelation
 m - a scroll of poison {unknown}
 q - a scroll of blinking {unknown}
 t - a scroll of torment {unknown}
 u - a scroll of amnesia {unknown}
Potions
 h - a potion of might {unknown}
 k - 2 potions of curing {unknown}
 l - a potion of degeneration {unknown}
 o - a potion of cancellation {unknown}
 r - a potion of brilliance {unknown}
 s - a potion of attraction {unknown}
 v - a potion of ambrosia {unknown}
 w - a potion of resistance {unknown}
 x - 2 potions of enlightenment {unknown}


   Skills:
 - Level 2.0 Fighting
 + Level 4.4 Short Blades
 - Level 1.7 Throwing
 - Level 0.8 Dodging
 + Level 5.3 Stealth


You had 3 spell levels left.
You knew the following spells:

 Your Spells              Type           Power      Damage    Failure   Level
b - Blink                 Tloc           0%         N/A       47%         2

Your spell library contained the following spells:

 Spells                   Type           Power      Damage    Failure   Level
 Freeze                   Ice            0%         1d3       34%         1
 Magic Dart               Conj           0%         1d3       34%         1
 Call Imp                 Summ           0%         N/A       47%         2
 Ensorcelled Hibernation  Hex/Ice        0%         N/A       47%         2
 Frozen Ramparts          Ice            0%         1d1       71%         3
 Hailstorm                Conj/Ice       0%         3d5       71%         3
 Passwall                 Erth           0%         N/A       71%         3
 Swiftness                Air            0%         N/A       71%         3


Dungeon Overview and Level Annotations

Branches:
Dungeon (4/15)
 Temple: D:4-7

Altars:
Fedhas

Annotations:
D:4 Grinder, Ijyb


Innate Abilities, Weirdness & Mutations

You can wield a second weapon in your off-hand.
It takes a long time for you to wield or remove held weapons.
Your first few attacks do less damage.
You cannot equip rings or amulets.


Message History

The iguana barely misses you.
You barely miss the iguana with your +2 short sword of venom.
You hit the iguana but do no damage. The iguana closely misses you.
You barely miss the iguana with your +2 short sword of venom.
You hit the iguana but do no damage.
You completely miss the iguana with your +2 short sword of venom.
You hit the iguana but do no damage. The iguana bites you.
Grinder blinks!
Unknown command.
You hit the iguana with your +2 dagger. You hit the iguana but do no damage.
The iguana looks as sick as possible!
The iguana bites you!
* * * LOW HITPOINT WARNING * * *
You hit the iguana with your +2 short sword of venom.
The iguana looks as sick as possible!
You hit the iguana with your +2 dagger. The iguana bites you!
* * * LOW HITPOINT WARNING * * *
You barely miss the iguana with your +2 short sword of venom.
You completely miss the iguana with your +2 dagger.
The iguana barely misses you.
Grinder blinks!
Unknown command.
You closely miss the iguana with your +2 dagger.
You hit the iguana but do no damage.
The iguana looks as sick as possible!
Unknown command.
You hit the iguana but do no damage.
You hit the iguana with your +2 short sword of venom.
You kill the iguana!
Aiming: Throw Flame
Press: ? - help, Q - select action, (/) - cycle Shift-Dir - straight line, f/p - Grinder
Aim: Grinder, carrying a wand of flame (lightly wounded, 64% to hit)
The puff of flame misses Grinder.
Grinder gestures at you. You resist with significant effort.
Aiming: Throw Flame
Press: ? - help, Q - select action, (/) - cycle Shift-Dir - straight line, f/p - Grinder
Aim: Grinder, carrying a wand of flame (lightly wounded, 64% to hit)
The puff of flame misses Grinder.
Ijyb the Inquisitive comes into view.
She is wielding a +0 club and carrying a wand of flame.
As you read the scroll labelled NUGUGG MOSORCH, it crumbles to dust.
You feel aware of your surroundings.
You sensed 1 shop/portal.
It was a scroll of revelation.
Grinder says, "At least Makhleb appreciates what I'm doing."
Grinder gestures at you.
You suddenly lose the ability to move!
Grinder hits you!
* * * LOW HITPOINT WARNING * * *
You writhe in agony.
* * * LOW HITPOINT WARNING * * *
Grinder zaps a wand.
The puff of flame hits you!
You die...
Grinder sighs, "Dead already?
I want a refund."

*,,,,,,,,,,,,,,,,,,,,,,,**
*,.######......#.,,,*,,,,*
*,.#♣.♣♣##.#..##.,,,**,,,*
**##.♣.♣##.#..#..,,,,*,,,* #####
##♣♣♣$+..#.##..**,,**,,*
....#######.♣.♣####.#..#***,,*,**
.........>#♣.♣♣####.#..#***,,*,*
.....####.#########.##..**,,**,*
##...# #.#....5@†..g#..,,,,*,,*
##...####.#....###...##.,,,**,,*
##........#....#####..#.,,,*,,**
....####..#....######....,,,,**
.....).........##########*****
....####..#....######### ....#
#.....#.######### ....#
#...#.#.######### ....# #...#.#.#


You could see Grinder and Ijyb (wandering).

Vanquished Creatures
  Menkaure (D:4)
  A hound (D:4)
  2 iguanas (D:4)
  Terence (D:3)
  4 adders
  A dart slug (D:1)
  A ribbon worm (D:2)
  5 orcs
  4 ball pythons
  6 endoplasms
  3 giant cockroaches
  5 goblins
  7 hobgoblins
  3 jackals (D:1)
  7 kobolds
  4 quokkas
  7 bats
  4 rats
66 creatures vanquished.

Notes
Turn   | Place    | Note
-------+----------+-------------------------------------------
     0 | D:1      | SpatialVortex the Coglin Brigand began the quest for the
                  | Orb.
     0 | D:1      | Reached XP level 1. HP: 16/16 MP: 1/1
   122 | D:1      | Reached XP level 2. HP: 22/22 MP: 2/2
   742 | D:2      | Reached XP level 3. HP: 27/27 MP: 3/3
  1032 | D:2      | Identified the +8 flail of Poxiprucea {holy, rC+ Str+5}
  1411 | D:2      | Learned a level 2 spell: Blink
  1643 | D:3      | Reached skill level 4 in Stealth
  1773 | D:3      | Reached XP level 4. HP: 33/33 MP: 4/4
  1785 | D:3      | Reached skill level 3 in Short Blades
  2004 | D:3      | Found a blossoming altar of Fedhas.
  2268 | D:3      | Noticed Terence
  2277 | D:3      | Killed Terence
  2499 | D:4      | Reached XP level 5. HP: 38/38 MP: 5/5
  2677 | D:4      | Noticed Menkaure
  2773 | D:4      | Killed Menkaure
  2774 | D:4      | Reached skill level 5 in Stealth
  2774 | D:4      | Reached XP level 6. HP: 36/44 MP: 6/6
  2914 | D:4      | Noticed Grinder
  2915 | D:4      | Paralysed by Grinder for 5 turns
  2934 | D:4      | Noticed Ijyb
  2935 | D:4      | Paralysed by Grinder for 5 turns
  2937 | D:4      | Killed from afar by Grinder

Illustrated notes

Levels and vault maps discovered:
D:1:      psy_arrival_heroes, layout_basic
D:2:      layout_basic
D:3:      layout_loops_ring, lemuel_tele_altar, kennysheep_cross_bottleneck,
          serial_bayou_pond_d, minmay_misc_feat_room, hangedman_decor_points,
          minmay_puff, uniq_terence
D:4:      layout_basic, portal_sewer_entry_e, corexii_corridor_pit,
          chequers_arboretum, minmay_misc_feat_iff, uniq_menkaure, uniq_ijyb,
          uniq_grinder

Skill      XL: |  1  2  3  4  5 |
---------------+----------------+-----
Short Blades   | 2 3 4 |  4.4
Stealth        | 4 5 |  5.3
Fighting       | |  2.0
Throwing       | |  1.7
Dodging        | |  0.8

Action                     |  1- 3 |  4- 6 || total
---------------------------+-------+-------++-------
  Melee: Dagger            |    74 |    58 ||   132
         Short sword       |    52 |    57 ||   109
  Evoke: Wand              |       |    10 ||    10
    Use: Scroll            |       |     1 ||     1
   Stab: Sleeping          |     9 |     2 ||    11
 Armour: Robe              |    30 |    30 ||    60
  Dodge: Dodged            |    39 |    26 ||    65

Table legend: (Time is in decaauts)
 A = Elapsed time spent in this place.
 B = Non-inter-level travel time spent in this place.
 C = Inter-level travel time spent in this place.
 D = Time resting spent in this place.
 E = Time spent auto-exploring this place.
 F = Levels seen in this place.
 G = Mean time per level.
                   A        B        C        D        E       F      G
               +--------+--------+--------+--------+--------+-----+--------+
         Total |   2918 |   2755 |    163 |     80 |   2243 |   4 |  729.5 |
       Dungeon |   2918 |   2755 |    163 |     80 |   2243 |   4 |  729.5 |
               +--------+--------+--------+--------+--------+-----+--------+

Top non-repeatable levels by time:
     D:3: 1013 daAuts
     D:2: 815 daAuts
     D:1: 654 daAuts
     D:4: 435 daAuts
